 Dungeon Crawl Stone Soup version 0.23.1-37-gaa34b87 (webtiles) character file.

Game seed: 4265841743997878519

12273 nuthulu the Basher (level 11, 0/101 HPs)
             Began as a Yellow Draconian Berserker on Mar 23, 2019.
             Was a High Priest of Trog.
             Slain by a manticore (13 damage)
             ... on level 13 of the Dungeon.
             The game lasted 00:23:39 (13545 turns).

nuthulu the Basher (Yellow Draconian Berserker)    Turns: 13545, Time: 00:23:40

Health: 0/101      AC: 11    Str: 20    XL:     11   Next: 60%
Magic:  11/11      EV: 15    Int:  8    God:    Trog [*****.]
Gold:   477        SH: 10    Dex: 13    Spells: 10/10 levels left

rFire    . . .     SeeInvis .   u - +2 flail (venom)
rCold    . . .     Gourm    +   E - +0 shield
rNeg     . . .     Faith    .   (armour unavailable)
rPois    .         Spirit   .   (helmet restricted)
rElec    .         Reflect  .   k - +0 cloak
rCorr    +         Harm     .   q - +0 pair of gloves
MR       +....                  r - +1 pair of boots
Stlth    +.........             h - amulet of the gourmand
HPRegen  0.26/turn              a - ring of protection from magic
MPRegen  0.12/turn              (no ring)

@: short of breath
A: spit acid, unfitting armour, cold-blooded, acid resistance, AC +7
a: Breathe Acid, Berserk, Trog's Hand, Brothers in Arms, Renounce Religion


You were on level 13 of the Dungeon.
You worshipped Trog.
Trog was extremely pleased with you.
You were very full.

You visited 1 branch of the dungeon, and saw 11 of its levels.
You also visited: Sewer.

You collected 589 gold pieces.
You spent 112 gold pieces at shops.

Inventory:

Hand Weapons
 u - a +2 flail of venom (weapon)
 z - a +0 morningstar
Armour
 f - a scarf of cloud immunity
 k - a +0 cloak (worn)
 q - a +0 pair of gloves (worn)
 r - a +1 pair of boots (worn)
 E - a +0 shield (worn)
Jewellery
 a - a ring of protection from magic (left hand)
 h - an amulet of the gourmand (around neck)
 B - a cursed amulet of guardian spirit {unknown}
Wands
 c - a wand of flame (14)
 l - a wand of paralysis (26)
Scrolls
 i - 4 scrolls of magic mapping
 m - 3 scrolls of fear
 n - 6 scrolls of teleportation
 o - 6 scrolls of remove curse
 p - a scroll of identify
 t - a scroll of fog
 y - a scroll of blinking
Potions
 d - 3 potions of brilliance
 g - a potion of mutation
 s - 2 potions of magic
 v - a potion of haste
 w - 4 potions of berserk rage
 x - a potion of cancellation
 A - 2 potions of invisibility
 C - a potion of flight {unknown}
Comestibles
 b - 20 rations
 D - 4 chunks of flesh


   Skills:
 + Level 10.6 Fighting
 * Level 12.5 Maces & Flails
 + Level 9.0 Dodging
 + Level 4.6 Shields


You had 10 spell levels left.
You didn't know any spells.
Your spell library was empty.

Dungeon Overview and Level Annotations

Branches:
Dungeon (10/15)            Temple (0/1) D:4            Lair (0/6) D:10
    Orc: D:9-12

Altars:
Ashenzari
Cheibriados
Dithmenos
Elyvilon
Fedhas
Gozag
Ru
Xom
The Shining One

Shops:
D:4 [

Annotations:
D:9 3 runed translucent doors, Irenicus's ghost, novice DDEE


Innate Abilities, Weirdness & Mutations

You can spit globs of acid.
Your golden yellow scales are hard. (AC +7)
You cannot fit into any form of body armour.
You are cold-blooded and may be slowed by cold attacks.
You are resistant to acid. (rCorr)


Message History

You thump the manticore!
The manticore looks as sick as possible!
The manticore is heavily wounded.
You carefully extract the barbed spikes from your body.
The manticore bites you.
* * * LOW HITPOINT WARNING * * *
You block the manticore's attack. The manticore claws you!
* * * LOW HITPOINT WARNING * * *
You feel better. The manticore closely misses you.
You block the manticore's attack. x2
You thump the manticore! You tail-slap the manticore.
The manticore is almost dead.
You block the manticore's attack. The manticore claws you.
* * * LOW HITPOINT WARNING * * *
The manticore barely misses you.
Unknown command.
You hit the manticore.
The manticore is almost dead.
The manticore bites you!
You die...

#...##
##.....#. ##
#....?..#...
#.......#...
..(.......
#.(.>.?..#
##.....#.#
#........#
#...@H...#
#........#
##.....#.#
##...## #
#####


You could see a manticore.

Vanquished Creatures
  A hydra (D:7)
  2 two-headed ogres
  A dancing weapon (D:6)
  5 death yaks (D:10)
  The ghost of grocchini the Spear-Bearer, a novice MfSk (D:6)
  A centaur skeleton (D:10)
  A hippogriff (D:9)
  5 yaks (D:9)
  A wyvern (D:9)
  A hungry ghost (D:8)
  2 water moccasins
  4 orc warriors
  2 ice beasts
  3 sky beasts
  3 necrophages
  A phantom (D:9)
  6 ogres
  A centaur (D:9)
  4 bullfrogs
  A big kobold (D:10)
  3 scorpions
  12 killer bees (D:8)
  5 wights (D:7)
  2 howler monkeys (D:5)
  A centaur zombie (D:8)
  3 crimson imps
  6 orc priests
  2 bullfrog skeletons
  4 hounds
  6 orc wizards
  4 iguanas
  Natasha (twice) (D:4)
  9 worker ants
  A hound zombie (D:8)
  2 worker ant zombies
  A howler monkey skeleton (D:6)
  4 gnolls (D:7)
  17 adders
  2 shadow imps
  9 oozes
  An adder zombie (D:6)
  3 worms
  2 dart slugs
  19 leopard geckos
  53 orcs
  25 giant cockroaches
  5 goblins
  9 hobgoblins
  6 jackals
  2 quokkas
  9 ball pythons
  7 bats
  23 frilled lizards
  A goblin zombie (D:6)
  3 jackal skeletons
  12 kobolds
  A leopard gecko skeleton (D:7)
  A leopard gecko zombie (D:8)
  A quokka zombie (D:6)
  7 rats
331 creatures vanquished.

Vanquished Creatures (others)
  3 plants (D:9)
3 creatures vanquished.

Grand Total: 334 creatures vanquished

Notes
Turn   | Place    | Note
-------+----------+-------------------------------------------
     0 | D:1      | nuthulu the Draconian Berserker began the quest for the
                  | Orb.
     0 | D:1      | Reached XP level 1. HP: 19/19 MP: 1/1
   378 | D:1      | Reached XP level 2. HP: 22/26 MP: 2/2
   469 | D:1      | Reached ** piety under Trog
   879 | D:1      | Reached XP level 3. HP: 29/33 MP: 3/3
  1294 | D:2      | Noticed an ice beast
  1306 | D:2      | Killed an ice beast
  1306 | D:2      | Reached skill level 4 in Maces & Flails
  1306 | D:2      | Reached XP level 4. HP: 14/41 MP: 4/4
  1568 | D:2      | Reached XP level 5. HP: 39/47 MP: 5/5
  2397 | D:2      | Noticed a necrophage
  2410 | D:2      | Killed a necrophage
  2410 | D:2      | Reached skill level 5 in Fighting
  2929 | D:2      | Reached XP level 6. HP: 31/56 MP: 6/6
  3407 | D:3      | Found a blossoming altar of Fedhas.
  3517 | D:3      | Found an opulent altar of Gozag.
  3586 | D:3      | Found a white marble altar of Elyvilon.
  4576 | D:3      | Reached *** piety under Trog
  4633 | D:3      | Reached skill level 5 in Maces & Flails
  4920 | D:4      | Noticed Natasha
  4925 | D:4      | Killed Natasha
  4940 | D:4      | Found Ofikluots's Antique Armour Emporium.
  4959 | D:4      | Bought a pair of boots for 112 gold pieces
  5079 | D:4      | Found a staircase to the Ecumenical Temple.
  5100 | D:4      | Noticed Natasha
  5115 | D:4      | Killed Natasha
  5172 | D:4      | Your scales start taking on a golden yellow colour.
  5172 | D:4      | Reached XP level 7. HP: 60/62 MP: 7/7
  5172 | D:4      | Gained mutation: You are resistant to acid. (rCorr) [Yellow
                  | Draconian growth]
  5944 | D:5      | Entered Level 5 of the Dungeon
  5963 | D:5      | Reached skill level 6 in Maces & Flails
  5963 | D:5      | Reached skill level 5 in Dodging
  6357 | D:5      | Found a shadowy altar of Dithmenos.
  6516 | D:6      | Reached XP level 8. HP: 68/71 MP: 8/8
  6615 | D:6      | Reached skill level 7 in Maces & Flails
  6721 | D:6      | Found a shimmering altar of Xom.
  6721 | D:6      | Noticed grocchini's ghost (novice MfSk)
  6725 | D:6      | Found a runed translucent door.
  6725 | D:6      | Noticed a +2 short sword of chaos
  6819 | D:6      | Found a shattered altar of Ashenzari.
  7093 | D:6      | Found a glowing drain.
  7102 | Sewer    | Entered a sewer
  7265 | Sewer    | Reached **** piety under Trog
  7906 | D:6      | Paralysed by a +2 short sword of chaos for 2 turns
  7918 | D:6      | Killed a +2 short sword of chaos
  7918 | D:6      | Reached skill level 8 in Maces & Flails
  7918 | D:6      | Reached XP level 9. HP: 57/81 MP: 9/9
  7931 | D:6      | Killed grocchini's ghost
  7931 | D:6      | Reached skill level 9 in Maces & Flails
  9032 | D:7      | Noticed a four-headed hydra
  9053 | D:7      | Killed a four-headed hydra
  9053 | D:7      | Reached skill level 10 in Maces & Flails
  9053 | D:7      | Reached XP level 10. HP: 51/90 MP: 10/10
 10011 | D:8      | Found a sacrificial altar of Ru.
 11301 | D:8      | Noticed a two-headed ogre
 11447 | D:8      | Killed a two-headed ogre
 11447 | D:8      | Reached skill level 11 in Maces & Flails
 11447 | D:8      | Reached skill level 1 in Shields
 11586 | D:8      | Found a glowing golden altar of the Shining One.
 12181 | D:9      | Reached ***** piety under Trog
 12316 | D:9      | Reached skill level 10 in Fighting
 12327 | D:9      | Reached XP level 11. HP: 91/99 MP: 11/11
 12540 | D:9      | Noticed a two-headed ogre
 12547 | D:9      | Killed a two-headed ogre
 12754 | D:9      | Found a snail-covered altar of Cheibriados.
 13001 | D:9      | Found a runed translucent gate.
 13013 | D:9      | Found a runed translucent gate.
 13013 | D:9      | Found a runed translucent gate.
 13015 | D:9      | Noticed Irenicus's ghost (novice DDEE)
 13105 | D:9      | Found a blossoming altar of Fedhas.
 13200 | D:10     | Entered Level 10 of the Dungeon
 13225 | D:10     | Noticed a death yak
 13225 | D:10     | Noticed a death yak
 13247 | D:10     | Killed a death yak
 13247 | D:10     | Reached skill level 12 in Maces & Flails
 13401 | D:10     | Noticed a death yak
 13401 | D:10     | Noticed a death yak
 13401 | D:10     | Noticed a death yak
 13433 | D:10     | Killed a death yak
 13440 | D:10     | Killed a death yak
 13447 | D:10     | Killed a death yak
 13457 | D:10     | Killed a death yak
 13520 | D:10     | Found a staircase to the Lair.
 13527 | D:10     | You fall through a shaft for 3 floors!
 13545 | D:13     | Slain by a manticore

Skill      XL: |  1  2  3  4  5  6  7  8  9 10 11 |
---------------+----------------------------------+-----
Dodging        | 3 4 5 6 7 8 9 |  9.0
Fighting       | 4 5 6 7 8 10 | 10.6
Maces & Flails | 4 5 6 8 10 11 12 | 12.5
Shields        | 3 4 |  4.6

Action                   |  1- 3 |  4- 6 |  7- 9 | 10-12 || total
-------------------------+-------+-------+-------+-------++-------
Melee: Mace              |   123 |   177 |       |       ||   300
       Tailslap          |     7 |    26 |    65 |    65 ||   163
       Flail             |       |    44 |   456 |   416 ||   916
Throw: Throwing net      |       |       |     1 |     3 ||     4
Invok: Berserk           |     1 |     3 |     3 |     2 ||     9
       Trog's Hand       |       |     2 |     6 |     5 ||    13
 Abil: Breathe Acid      |       |       |     3 |     3 ||     6
Evoke: Wand              |       |       |     4 |       ||     4
  Use: Scroll            |     3 |     7 |     6 |     5 ||    21
       Potion            |       |       |     4 |     1 ||     5
 Stab: Sleeping          |     1 |       |     1 |       ||     2
  Eat: Chunk             |     1 |    26 |    17 |    23 ||    67
       Ration            |       |     1 |       |       ||     1
Armor: Skin              |    48 |    71 |   170 |    98 ||   387
Dodge: Dodged            |   107 |   181 |   407 |   263 ||   958
Block: Shield            |       |       |       |    82 ||    82
